 Dungeon Crawl Stone Soup version 0.27-a0-1081-ge8a0a9c698 (webtiles) character file.

Game seed: 17845909257384028284

32 voltaire321 the Skirmisher (level 3, 0/33 HPs)
             Began as a Djinni Wanderer on Apr 26, 2021.
             Slain by a dart slug (1 damage)
             ... on level 2 of the Dungeon.
             The game lasted 00:04:07 (1125 turns).

voltaire321 the Skirmisher (Djinni Wanderer)        Turns: 1125, Time: 00:04:07

Health: 0/33       AC:  5    Str: 12    XL:     3   Next: 27%
Gold:   63         EV: 12    Int: 10    God:
                   SH:  0    Dex: 15

rFire    + + .     SeeInvis .   a - +2 spear
rCold    x . .     Faith    .   (no shield)
rNeg     . . .     Spirit   .   d - +0 robe
rPois    ∞         Reflect  .   g - +2 helmet
rElec    .         Harm     .   (no cloak)
rCorr    .         Rampage  .   (no gloves)
Will     .....                  (boots unavailable)
Stlth    ++........             (no amulet)
HPRegen  0.11/turn              (no ring)
MPRegen  0.00/turn              (no ring)

@: flying
A: fire resistance 2, cold vulnerability 1, float, innate caster, hp casting,
extra vitality 1
a: no special abilities


You were on level 2 of the Dungeon.
You visited 1 branch of the dungeon, and saw 2 of its levels.

You collected 63 gold pieces.

Inventory:

Hand Weapons
 a - a +2 spear (weapon)
Armour
 d - a +0 robe (worn)
 g - a +2 helmet (worn)
Jewellery
 k - a ring of fire
Scrolls
 e - 3 scrolls of identify {unknown}
 f - a scroll of fear {unknown}
 i - a scroll of amnesia {unknown}
 j - a scroll of noise {unknown}
Potions
 b - a potion of lignification
 h - 2 potions of mutation {unknown}
Miscellaneous
 c - a piece from Xom's chessboard (15/15) (quivered)


   Skills:
 + Level 5.1 Fighting
 + Level 2.4 Armour
 + Level 1.7 Dodging
 - Level 1.0 Stealth
 + Level 0.8 Spellcasting
 - Level 1.5 Evocations


You had 2 spell levels left.
You knew the following spells:

 Your Spells              Type           Power      Damage    Failure   Level
a - Corona                Hex            2%         N/A       26%         1
Your spell library was empty.

Dungeon Overview and Level Annotations

Branches:
Dungeon (2/15)

Altars:

Shops:
D:2 :


Innate Abilities, Weirdness & Mutations

You are immune to poison.
Your flesh is very heat resistant. (rF++)
You are vulnerable to cold. (rC-)
You float through the air rather than walking.
You learn spells naturally, not from books.
Your magical power is your life essence.
You have superior vitality. (+4 HP)


Message History

The adder misses you. The adder barely misses you. The adder bites you.
The adder completely misses you. The adder barely misses you.
The adder barely misses you. The adder bites you but does no damage.
The adder bites you. The adder barely misses you. The adder barely misses you.
The adder bites you but does no damage. The adder misses you.
The adder closely misses you. The adder barely misses you.
The adder closely misses you. The adder misses you.
The adder bites you but does no damage. The adder bites you.
The adder closely misses you. The adder bites you.
The adder bites you but does no damage. The dart slug closely misses you.
The adder bites you but does no damage. The dart slug closely misses you.
The adder bites you. x2
The dart slug bites you. The adder closely misses you.
The adder closely misses you.
The dart slug bites you but does no damage.
The adder bites you. x2
The dart slug launches a dart at you. The slug dart hits you.
* * * LOW HITPOINT WARNING * * *
The adder closely misses you. The adder bites you.
* * * LOW HITPOINT WARNING * * *
The dart slug bites you.
* * * LOW HITPOINT WARNING * * *
The adder misses you.
The dart slug bites you but does no damage.
The adder closely misses you. The adder bites you.
* * * LOW HITPOINT WARNING * * *
The adder bites you but does no damage. The dart slug closely misses you.
The adder bites you.
* * * LOW HITPOINT WARNING * * *
The dart slug bites you.
You die...

########### #.....
...#####
#.##.####.#...#
######@##........#.###
####
#.....Sw...###)..#...##
...#
#.####.##.###..#####...
#)# #.#
#.##w##.....#...## #.#
#.# #...........#.###
##.##
####.############.#...#
#...# #.......# #.#####
#...####.##.##.# #.#
......##)##.##.### #+#


You could see an adder and a dart slug.

Vanquished Creatures
  A dart slug (D:1)
  3 bats (D:1)
  3 endoplasms (D:1)
  A giant cockroach (D:1)
  2 goblins
  4 hobgoblins (D:1)
  A quokka (D:1)
  5 ball pythons (D:1)
  3 kobolds
  5 rats (D:1)
28 creatures vanquished.

Notes
Turn   | Place    | Note
-------+----------+-------------------------------------------
     0 | D:1      | voltaire321 the Djinni Wanderer began the quest for the
                  | Orb.
     0 | D:1      | Reached XP level 1. HP: 22/22 MP: 0/0
    92 | D:1      | Reached XP level 2. HP: 28/28 MP: 0/0
   537 | D:1      | Reached XP level 3. HP: 27/33 MP: 0/0
   537 | D:1      | Learned a level 1 spell: Corona
  1032 | D:2      | Found Paucw's Book Shoppe.
  1123 | D:2      | HP: 1/33 [adder (4)]
  1125 | D:2      | Slain by a dart slug

Illustrated notes

Levels and vault maps discovered:
D:1:      erik_arrival_orb_chamber, layout_basic
D:2:      layout_loops_corners, serial_shops, shop, minmay_liquid_box,
          minmay_pentomino_z2, uniq_jessica

Action                   || total
-------------------------++-------
Melee: Spear             ||    67
 Stab: Sleeping          ||     4
Armor: Robe              ||    33
Dodge: Dodged            ||    71

Table legend: (Time is in decaauts)
 A = Elapsed time spent in this place.
 B = Non-inter-level travel time spent in this place.
 C = Inter-level travel time spent in this place.
 D = Time resting spent in this place.
 E = Time spent auto-exploring this place.
 F = Levels seen in this place.
 G = Mean time per level.
                   A        B        C        D        E       F      G
               +--------+--------+--------+--------+--------+-----+--------+
         Total |   1131 |   1091 |     40 |     82 |    728 |   2 |  565.5 |
       Dungeon |   1131 |   1091 |     40 |     82 |    728 |   2 |  565.5 |
               +--------+--------+--------+--------+--------+-----+--------+

Top non-repeatable levels by time:
     D:1: 919 daAuts
     D:2: 212 daAuts
